 Dungeon Crawl Stone Soup version 0.23-a0-274-g77505739ee (webtiles) character file.

904 Henning the Shield-Bearer (level 8, 0/67 HPs)
             Began as a Gnoll Fighter on Oct 2, 2018.
             Killed by divine providence
             ... invoked by an orc priest
              (15 damage)
             ... on level 5 of the Dungeon.
             The game lasted 00:10:08 (4451 turns).

Henning the Shield-Bearer (Gnoll Fighter)           Turns: 4451, Time: 00:10:09

Health: 0/67       AC: 26    Str: 19    XL:     8   Next: 8%
Magic:  12/12      EV:  6    Int: 10    God:
Gold:   227        SH: 11    Dex: 17    Spells: 12/12 levels left

rFire    . . .     SeeInvis .   n - +0 flail (protect)
rCold    . . .     Gourm    .   c - +0 shield
rNeg     . . .     Faith    .   l - +0 plate armour
rPois    .         Spirit   .   y - +2 helmet
rElec    .         Reflect  .   i - +0 cloak
rCorr    +         Harm     .   a - +0 pair of gloves
MR       +....                  (no boots)
Stlth    ..........             (no amulet)
HPRegen  0.21/turn              v - ring of protection from magic
MPRegen  0.13/turn              q - ring of resist corrosion

@: protection aura
A: distributed training, fangs 1, strong nose
a: no special abilities


You were on level 5 of the Dungeon.
You were not hungry.

You visited 1 branch of the dungeon, and saw 5 of its levels.

You collected 227 gold pieces.

Inventory:

Hand Weapons
 n - a +0 flail of protection (weapon)
 w - a +0 morningstar
Missiles
 u - 2 tomahawks of returning (quivered)
Armour
 a - a +0 pair of gloves (worn)
 c - a +0 shield (worn)
 i - a +0 cloak (worn)
 l - a +0 plate armour (worn)
 r - a +0 chain mail
 y - a +2 helmet (worn)
Jewellery
 p - an uncursed ring of ice
 q - a ring of resist corrosion (right hand)
 v - a ring of protection from magic (left hand)
Wands
 x - a wand of scattershot (4)
Scrolls
 g - a scroll of remove curse
 j - a scroll of immolation
 k - a scroll of fear
 o - 3 scrolls of identify
Potions
 d - a potion of might
 e - 3 potions of curing
 h - 2 potions of lignification
 m - 3 potions of heal wounds
 s - a potion of magic
 t - a potion of agility
Comestibles
 f - 8 rations


   Skills:
 + Level 7.2 Fighting
 + Level 2.8 Short Blades
 + Level 2.8 Long Blades
 + Level 2.8 Axes
 + Level 5.4 Maces & Flails
 + Level 2.8 Polearms
 + Level 2.8 Staves
 + Level 2.8 Slings
 + Level 2.8 Bows
 + Level 2.8 Crossbows
 + Level 2.8 Throwing
 + Level 7.2 Armour
 + Level 2.8 Dodging
 + Level 2.8 Stealth
 + Level 7.2 Shields
 + Level 2.8 Unarmed Combat
 + Level 2.8 Spellcasting
 + Level 2.3 Conjurations
 + Level 2.3 Hexes
 + Level 2.3 Charms
 + Level 2.3 Summonings
 + Level 2.3 Necromancy
 + Level 2.3 Translocations
 + Level 2.3 Transmutations
 + Level 2.3 Fire Magic
 + Level 2.3 Ice Magic
 + Level 2.3 Air Magic
 + Level 2.3 Earth Magic
 + Level 2.3 Poison Magic
 + Level 3.1 Invocations
 + Level 2.8 Evocations


You had 12 spell levels left.
You didn't know any spells.
Your spell library was empty.

Dungeon Overview and Level Annotations

Branches:
Dungeon (5/15)
 Temple: D:4-7

Altars:
Dithmenos
Elyvilon
Nemelex Xobeh
Vehumet
Yredelemnul

Annotations:
D:4 Pikel
D:5 2 transporters


Innate Abilities, Weirdness & Mutations

Your experience applies equally to all skills.
You have very sharp teeth.
Your uncanny sense of smell can sniff out nearby items.


Message History

You hit the orc priest. Your bite misses the orc priest.
The orc priest is almost dead.
The orc hits you with a mace.
The orc priest hits you but does no damage.
You block the orc's attack.
You closely miss the orc priest. You bite the orc priest.
The orc priest is almost dead.
The orc hits you but does no damage. You block the orc priest's attack.
The orc hits you but does no damage.
You hit the orc priest but do no damage.
The orc priest is almost dead.
The orc priest mumbles some strange prayers to Beogh against you.
Pain shoots through your body!
* * * LOW HITPOINT WARNING * * *
The orc barely misses you. You block the orc's attack.
You hit the orc priest but do no damage.
The orc priest is almost dead.
The orc priest calls down the wrath of Beogh upon you.
Beogh smites you!
You die...

##.# ......... #..#.##.#
########..#.##.##
................#
.#<#####..#.##..######..
'#######..#.##.o........
.≈≈≈#..#..#.##.o@#####..
...≈##.#.....).o.W.%....
#♣.≈##...............?..
#..+...................
#..+...................
#♣.≈###.................
...≈###...........P.P...
.≈≈≈#........[....._....
'#######..........P.P...


You could see a phantom, an orc priest and 2 orcs.

Vanquished Creatures
  Edmund (D:4)
  Duvessa (D:5)
  4 slaves (D:4)
  2 ogres (D:4)
  Dowan (D:5)
  A centaur skeleton (D:5)
  3 orc priests
  3 orc wizards
  2 worker ants (D:4)
  7 adders
  A shadow imp (D:3)
  An ooze (D:2)
  2 worms
  A dart slug (D:1)
  7 leopard geckos
  19 orcs
  4 giant cockroaches
  6 goblins
  13 hobgoblins
  10 jackals
  5 kobolds
  A quokka (D:3)
  2 ball pythons
  7 bats (D:1)
  6 frilled lizards
  6 rats
116 creatures vanquished.

Notes
Turn   | Place    | Note
-------+----------+-------------------------------------------
     0 | D:1      | Henning the Gnoll Fighter began the quest for the Orb.
     0 | D:1      | Reached XP level 1. HP: 23/23 MP: 1/1
    78 | D:1      | Reached XP level 2. HP: 20/29 MP: 2/2
   265 | D:1      | Reached XP level 3. HP: 35/35 MP: 3/3
   463 | D:1      | Found a sparkling altar of Nemelex Xobeh.
   544 | D:1      | Reached skill level 1 in Invocations
   671 | D:2      | Found a shadowy altar of Dithmenos.
   741 | D:2      | Found a radiant altar of Vehumet.
   769 | D:2      | Reached skill level 1 in Short Blades
   769 | D:2      | Reached skill level 1 in Long Blades
   769 | D:2      | Reached skill level 1 in Axes
   769 | D:2      | Reached skill level 1 in Polearms
   769 | D:2      | Reached skill level 1 in Staves
   769 | D:2      | Reached skill level 1 in Slings
   769 | D:2      | Reached skill level 1 in Bows
   769 | D:2      | Reached skill level 1 in Crossbows
   769 | D:2      | Reached skill level 1 in Throwing
   769 | D:2      | Reached skill level 1 in Dodging
   769 | D:2      | Reached skill level 1 in Stealth
   769 | D:2      | Reached skill level 1 in Unarmed Combat
   769 | D:2      | Reached skill level 1 in Spellcasting
   769 | D:2      | Reached skill level 1 in Evocations
   845 | D:2      | Reached XP level 4. HP: 16/41 MP: 5/5
  1606 | D:3      | Reached skill level 1 in Conjurations
  1606 | D:3      | Reached skill level 1 in Hexes
  1606 | D:3      | Reached skill level 1 in Charms
  1606 | D:3      | Reached skill level 1 in Summonings
  1606 | D:3      | Reached skill level 1 in Necromancy
  1606 | D:3      | Reached skill level 1 in Translocations
  1606 | D:3      | Reached skill level 1 in Transmutations
  1606 | D:3      | Reached skill level 1 in Fire Magic
  1606 | D:3      | Reached skill level 1 in Ice Magic
  1606 | D:3      | Reached skill level 1 in Air Magic
  1606 | D:3      | Reached skill level 1 in Earth Magic
  1606 | D:3      | Reached skill level 1 in Poison Magic
  1795 | D:3      | Reached XP level 5. HP: 46/47 MP: 6/6
  2596 | D:3      | Reached XP level 6. HP: 52/53 MP: 8/8
  2618 | D:4      | Reached skill level 5 in Maces & Flails
  2665 | D:4      | Noticed Edmund
  2693 | D:4      | Killed Edmund
  2693 | D:4      | Reached XP level 7. HP: 49/59 MP: 10/10
  2958 | D:4      | Found a white marble altar of Elyvilon.
  3432 | D:5      | Entered Level 5 of the Dungeon
  3432 | D:5      | Noticed Pikel
  4082 | D:5      | Noticed Duvessa
  4082 | D:5      | Noticed Dowan
  4103 | D:5      | Killed Duvessa
  4124 | D:5      | Killed Dowan
  4124 | D:5      | Reached XP level 8. HP: 40/67 MP: 12/12
  4341 | D:5      | Found a transporter.
  4348 | D:5      | Found a transporter.
  4430 | D:5      | Found a basalt altar of Yredelemnul.
  4451 | D:5      | Killed from afar by an orc priest

Vault maps used:
D:1:      scummos_arrival_gate, nemelex_altar_shiori
D:2:      overflow_temple_1_default, vehumet_crystals
D:3:      first_ration
D:4:      elyvilon_altar_5, nicolae_zen_rock_garden, kennysheep_generic_room_12,
          uniq_edmund
D:5:      gammafunk_wand_slinger, yredelemnul_altar_generic,
          grunt_temple_overflow_open, minmay_temple_entry_grid,
          kennysheep_generic_room_6, uniq_crazy_yiuf_cottage, uniq_duvessa,
          uniq_pikel

Skill      XL: |  1  2  3  4  5  6  7 |
---------------+----------------------+-----
Invocations    | 1 2 3 |  3.1
Short Blades   | 1 2 |  2.8
Long Blades    | 1 2 |  2.8
Axes           | 1 2 |  2.8
Polearms       | 1 2 |  2.8
Staves         | 1 2 |  2.8
Slings         | 1 2 |  2.8
Bows           | 1 2 |  2.8
Crossbows      | 1 2 |  2.8
Throwing       | 1 2 |  2.8
Dodging        | 1 2 |  2.8
Stealth        | 1 2 |  2.8
Unarmed Combat | 1 2 |  2.8
Spellcasting   | 1 2 |  2.8
Evocations     | 1 2 |  2.8
Conjurations   | 1 2 |  2.3
Hexes          | 1 2 |  2.3
Charms         | 1 2 |  2.3
Summonings     | 1 2 |  2.3
Necromancy     | 1 2 |  2.3
Translocations | 1 2 |  2.3
Transmutations | 1 2 |  2.3
Fire Magic     | 1 2 |  2.3
Ice Magic      | 1 2 |  2.3
Air Magic      | 1 2 |  2.3
Earth Magic    | 1 2 |  2.3
Poison Magic   | 1 2 |  2.3
Maces & Flails | 5 |  5.4
Fighting       | 7 |  7.2
Armour         | 7 |  7.2
Shields        | 7 |  7.2

Action                   |  1- 3 |  4- 6 |  7- 9 || total
-------------------------+-------+-------+-------++-------
Melee: Flail             |   121 |   192 |   200 ||   513
       Bite              |    12 |    29 |    32 ||    73
  Use: Scroll            |       |    11 |     1 ||    12
  Eat: Chunk             |       |     6 |     6 ||    12
Armor: Scale mail        |    53 |       |       ||    53
       Plate armour      |    10 |    94 |   143 ||   247
Dodge: Dodged            |    39 |    29 |    52 ||   120
Block: Shield            |    59 |    97 |   134 ||   290

Table legend:
 A = Non-vault XP
 B = Vault XP
 C = Vault XP percentage of total XP
 D = Non-vault monster count
 E = Vault monster count
 F = Vault count percentage of total count
                 A         B        C        D         E       F
            +---------+---------+-------+---------+---------+-------
      Total |     878 |     414 |  32.0 |     105 |       7 |   6.2
            +---------+---------+-------+---------+---------+-------
        D:1 |      64 |       0 |   0.0 |      36 |       0 |   0.0
        D:2 |      62 |       0 |   0.0 |      10 |       0 |   0.0
        D:3 |     160 |      13 |   7.5 |      29 |       1 |   3.3
        D:4 |     543 |     172 |  24.1 |      26 |       2 |   7.1
        D:5 |      49 |     229 |  82.4 |       4 |       4 |  50.0
            +---------+---------+-------+---------+---------+-------
